 Dungeon Crawl Stone Soup version 0.31-a0-1-g4198be8af4 (webtiles) character file.

Game seed: 3356985559911628866

359 qeuew the Covered (level 6, -2/55 HPs)
             Began as a Minotaur Fighter on May 1, 2023.
             Splashed by a jelly's acid (12 damage)
             ... on level 4 of the Dungeon.
             The game lasted 00:02:03 (2483 turns).

qeuew the Covered (Minotaur Fighter)                Turns: 2483, Time: 00:02:03

Health: -2/55      AC:  0    Str: 26    XL:     6   Next: 37%
Magic:  5/5        EV: 10    Int:  5    God:
Gold:   144        SH:  5    Dex: 12    Spells: 5/5 levels left

rFire   . . .        a - +1 flail
rCold   . . .        c - +0 buckler
rNeg    . . .        b - +0 scale mail
rPois   .            (helmet restricted)
rElec   .            (no cloak)
rCorr   .            (no gloves)
SInv    .            (no boots)
Will    +....        (no amulet) Stlth
                     j - +6 ring of strength
HPRegen 0.29/turn    (no ring)
MPRegen 0.09/turn

%: no passive effects
@: lethally poisoned (-2 -> -5), corroded
A: horns 2, retaliatory headbutt, strong-willed 1
a: no special abilities


You were on level 4 of the Dungeon.
You visited 1 branch of the dungeon, and saw 4 of its levels.

You collected 144 gold pieces.

Inventory:

Hand Weapons
 a - a +1 flail (weapon)
Armour
 b - a +0 scale mail (worn)
 c - a +0 buckler (worn)
Jewellery
 j - a +6 ring of strength (left hand)
Scrolls
 d - a scroll of magic mapping {unknown}
 i - a scroll of identify
Potions
 e - a potion of magic
 f - 2 potions of resistance
 g - 2 potions of curing
 h - a potion of heal wounds


   Skills:
 + Level 4.8 Fighting
 + Level 4.0 Maces & Flails
 * Level 5.8 Armour
 + Level 2.5 Dodging
 + Level 4.8 Shields


You had 5 spell levels left.
You didn't know any spells.
Your spell library contained the following spells:

 Spells                   Type           Power      Damage    Failure   Level
 Apportation              Tloc           0%         N/A       80%         1
 Alistair's Intoxication  Tmut/Pois      0%         N/A       100%        5


Dungeon Overview and Level Annotations

Branches:
Dungeon (4/15)
 Temple: D:4-7

Altars:
Qazlal
Xom


Innate Abilities, Weirdness & Mutations

You have a pair of horns on your head.
You reflexively headbutt those who attack you in melee.
You are strong-willed. (Will+)


Message History

The endoplasm is severely wounded.
You block the endoplasm's attack.
You sock the endoplasm!
You kill the endoplasm!
No target in view!
No target in view!
Found a robe.
A jelly comes into view.
Found a ring mail.
The jelly quivers.
You see here a +0 mace.
A jelly is nearby!
An adder comes into view.
The adder hisses angrily.
A dart slug comes into view.
Found a stone staircase leading up.
The jelly hits you. The acid corrodes you!
You are splashed with acid!
You completely miss the jelly. The jelly hits you.
You are splashed with acid!
You hit the jelly. The acid corrodes you!
Your hands burn!
You headbutt the jelly, but do no damage.
The jelly is lightly wounded.
The jelly hits you.
You are splashed with acid!
The adder bites you.
You are poisoned.
The adder poisons you!
You are too injured to fight recklessly!
You are too injured to fight recklessly!
You are too injured to fight recklessly!
There are monsters nearby!
There are monsters nearby!
You are too injured to fight recklessly!
Unknown command.
You sock the jelly!
Your hands burn!
* * * LOW HITPOINT WARNING * * *
The jelly is severely wounded.
You feel sick. The adder bites you.
* * * LOW HITPOINT WARNING * * *
The jelly hits you.
* * * LOW HITPOINT WARNING * * *
You are splashed with acid!
You die...

#...†..#.##.##.#.#
#...)...##.)##.##.#.#
......##..##.#..
#.#.## ....##
#.###...# #.#..# ...>
......######.##.# .#
..###...........#
...##..#####.####
......[.####..#
#..[J@..)##
#..#S...........
#.....##########
....#### ...w. ....
<.. ...


You could see a jelly, an adder and a dart slug.

Vanquished Creatures
  A water moccasin (D:4)
  An orc priest (D:3)
  A sleepcap (D:4)
  2 orc wizards (D:3)
  4 gnolls (D:2)
  5 adders
  2 dart slugs
  7 orcs
  3 ball pythons
  6 bats
  5 endoplasms
  3 giant cockroaches
  2 goblins (D:2)
  6 hobgoblins
  2 quokkas
  2 kobolds
  8 rats
60 creatures vanquished.

Notes
Turn   | Place    | Note
-------+----------+-------------------------------------------
     0 | D:1      | qeuew the Minotaur Fighter began the quest for the Orb.
     0 | D:1      | Reached XP level 1. HP: 19/19 MP: 0/0
    46 | D:1      | Reached XP level 2. HP: 16/27 MP: 1/1
   149 | D:1      | Reached skill level 4 in Armour
   557 | D:1      | Gained mutation: Your body sometimes deteriorates upon
                  | taking damage. [potion of mutation]
   557 | D:1      | Gained mutation: You are covered in fur. (AC +1) [potion of
                  | mutation]
   559 | D:1      | Lost mutation: You are covered in fur. (AC +1) [potion of
                  | mutation]
   559 | D:1      | Lost mutation: Your body sometimes deteriorates upon taking
                  | damage. [potion of mutation]
   559 | D:1      | Gained mutation: You are strong-willed. (Will+) [potion of
                  | mutation]
   665 | D:2      | Reached skill level 1 in Dodging
   665 | D:2      | Reached XP level 3. HP: 32/33 MP: 2/2
   900 | D:2      | Reached XP level 4. HP: 15/40 MP: 3/3
  1477 | D:3      | Reached XP level 5. HP: 29/47 MP: 4/4
  1567 | D:3      | Found a shimmering altar of Xom.
  1872 | D:3      | Reached skill level 5 in Armour
  1876 | D:3      | Found a stormy altar of Qazlal.
  2322 | D:4      | Noticed a water moccasin
  2331 | D:4      | Killed a water moccasin
  2332 | D:4      | Reached XP level 6. HP: 20/55 MP: 5/5
  2483 | D:4      | Splashed by a jelly's acid

Illustrated notes

Levels and vault maps discovered:
D:1:      scummos_arrival_star, layout_basic
D:2:      layout_rooms, minmay_misc_feat_nine_boxes
D:3:      layout_rooms, mainiacjoe_overflow_tiny_flanked,
          nicolae_qazlal_scattered_showers, serial_co_window_serial,
          co_window_paths_a, co_window_cross_1, co_window_of_opportunity_a,
          co_window_of_opportunity_a, co_window_corner_a, co_window_corner_a,
          co_window_of_opportunity_a, co_window_broadway_a, co_window_paths_c,
          co_window_unsneaky_path_d, co_window_corner_b, co_window_4corner_a
D:4:      layout_rooms, mainiacjoe_overflow_six_doors_small,
          amethyst_overflow_temple_binary, uniq_crazy_yiuf_cottage, uniq_grinder

Skill      XL: |  1  2  3  4  5 |
---------------+----------------+-----
Armour         | 4 5 |  5.8
Dodging        | 1 2 |  2.5
Shields        | 4 |  4.8
Fighting       | 4 |  4.8
Maces & Flails | 3 4 |  4.0

Action                     |  1- 3 |  4- 6 || total
---------------------------+-------+-------++-------
  Melee: Flail             |    55 |    82 ||   137
         Headbutt          |     8 |    13 ||    21
    Use: Potion            |     4 |       ||     4
         Scroll            |     3 |     4 ||     7
 Armour: Scale mail        |    31 |    38 ||    69
  Dodge: Dodged            |    31 |    28 ||    59
  Block: Buckler           |    18 |    19 ||    37

Table legend: (Time is in decaauts)
 A = Elapsed time spent in this place.
 B = Non-inter-level travel time spent in this place.
 C = Inter-level travel time spent in this place.
 D = Time resting spent in this place.
 E = Time spent auto-exploring this place.
 F = Levels seen in this place.
 G = Mean time per level.
                   A        B        C        D        E       F      G
               +--------+--------+--------+--------+--------+-----+--------+
         Total |   2518 |   2432 |     86 |      0 |   2082 |   4 |  629.5 |
       Dungeon |   2518 |   2432 |     86 |      0 |   2082 |   4 |  629.5 |
               +--------+--------+--------+--------+--------+-----+--------+

Top non-repeatable levels by time:
     D:3: 896 daAuts
     D:2: 711 daAuts
     D:1: 594 daAuts
     D:4: 315 daAuts
